Map: Deathaura LE

Players

Astrea - Winner!

  • Race: Protoss Protoss
  • League: Master
  • Spawn Location: 5:00

Epic

  • Race: Terran Terran
  • League: Grandmaster
  • Spawn Location: 11:00

Event: Cheeseadelphia Winter Championship 2021

VOD

Have the link to the VOD?

Description

Time

  • Played on: Jan. 23, 2021, 10:27 a.m.
  • Length: 20:11

All games in this series

Show
View Real Time Build Order
Export as new Build Order

Astrea Protoss - Winner!

Build Orders: 1 Gate Expand, Carriers, Colossus Rush 

Get SALT Encoding   

  12  0:00  Probe  
  13  0:12  Probe  
  14  0:17  Pylon  
  14  0:24  Probe (Chrono Boost)  
  15  0:36  Gateway, Probe (Chrono Boost)  
  16  0:44  Probe (Chrono Boost)  
  16  0:45  Assimilator  
  17  0:51  Probe  
  18  1:03  Probe  
  19  1:15  Probe  
  20  1:23  Cybernetics Core  
  20  1:30  Nexus  
  20  1:34  Probe  
  21  1:41  Pylon  
  21  1:46  Probe  
  22  1:49  Assimilator  
  22  1:58  Stalker (Chrono Boost)  
  22  1:59  Warp Gate (Chrono Boost), Probe  
  25  2:11  Probe  
  26  2:21  Stalker  
  28  2:23  Probe  
  29  2:35  Probe  
  30  2:39  Gateway  
  30  2:40  Gateway  
  30  2:46  Probe  
  30  2:48  Probe  
  34  2:51  Sentry  
  34  2:58  Probe  
  35  3:00  Probe  
  35  3:05  Pylon  
  36  3:10  Probe  
  36  3:11  Robotics Facility  
  36  3:12  Probe  
  38  3:22  Probe  
  38  3:24  Probe  
  40  3:35  Stalker x2, Probe (Chrono Boost)  
  40  3:37  Stalker  
  40  3:38  Probe (Chrono Boost)  
  48  3:45  Pylon  
  48  3:47  Probe (Chrono Boost)  
  49  3:49  Pylon  
  49  3:53  Probe (Chrono Boost)  
  49  3:54  Probe (Chrono Boost)  
  51  4:01  Probe x2  
  53  4:04  Assimilator  
  53  4:05  Assimilator, Observer  
  54  4:13  Probe x2 (Chrono Boost)  
  54  4:16  Pylon  
  56  4:22  Robotics Bay  
  56  4:25  Probe (Chrono Boost)  
  56  4:31  Probe (Chrono Boost)  
  58  4:34  Probe (Chrono Boost)  
  58  4:38  Probe (Chrono Boost)  
  60  4:39  Probe  
  60  4:43  Observer  
  60  4:45  Nexus  
  62  4:49  Pylon, Probe  
  62  4:51  Probe  
  64  4:53  Sentry  
  64  4:57  Forge  
  66  5:01  Probe  
  66  5:04  Probe  
  68  5:08  Colossus  
  68  5:13  Probe  
  75  5:15  Protoss Ground Weapons Level 1 (Chrono Boost)  
  75  5:16  Probe  
  75  5:20  Twilight Council  
  76  5:21  Extended Thermal Lance  
  76  5:25  Probe  
  76  5:28  Nexus  
  77  5:31  Probe  
  78  5:37  Probe  
  79  5:43  Probe  
  79  5:47  Charge (Chrono Boost)  
  79  5:49  Gateway x2, Probe  
  81  5:55  Colossus, Probe  
  82  6:00  Probe  
  82  6:02  Probe  
  84  6:07  Probe  
  84  6:11  Pylon  
  91  6:12  Probe  
  91  6:14  Observer  
  91  6:15  Probe  
  93  6:20  Gateway  
  93  6:22  Gateway, Probe  
  93  6:24  Probe  
  95  6:27  Sentry, Probe  
  98  6:36  Gateway  
  98  6:37  Gateway  
  98  6:43  Gateway  
  98  6:47  Stalker x3  
  98  6:50  Pylon  
  98  6:52  Protoss Ground Weapons Level 2 (Chrono Boost)  
  104  6:57  Stalker  
  104  6:58  Stalker  
  106  7:02  Shield Battery  
  106  7:03  Immortal  
  106  7:05  Probe x4  
  107  7:11  Zealot x2, Forge  
  107  7:14  Zealot  
  107  7:15  Zealot, Blink (Chrono Boost)  
  115  7:18  Probe x2  
  115  7:19  Probe  
  115  7:22  Zealot  
  119  7:25  Zealot x2  
  123  7:31  Probe x3  
  126  7:38  Protoss Ground Armor Level 1 (Chrono Boost)  
  126  7:40  Probe  
  126  7:43  Probe  
  128  7:45  Pylon  
  128  7:46  Pylon  
  128  7:49  Pylon  
  127  8:05  Zealot x3  
  127  8:06  Zealot x7  
  127  8:07  Colossus  
  127  8:10  Pylon  
  127  8:11  Pylon  
  153  8:16  Pylon  
  153  8:19  Probe x2  
  156  8:20  Probe  
  156  8:22  Assimilator, Pylon  
  156  8:25  Pylon  
  156  8:28  Probe  
  157  8:38  Stalker x10  
  176  8:44  Photon Cannon  
  176  8:49  Pylon  
  176  8:59  Protoss Ground Weapons Level 3 (Chrono Boost)  
  176  9:00  Pylon x2  
  176  9:01  Warp Prism  
  178  9:15  Assimilator  
  178  9:21  Assimilator  
  178  9:22  Protoss Ground Armor Level 2 (Chrono Boost), Zealot x10  
  198  9:30  Templar Archives  
  194  9:47  Stalker x4  
  194  9:48  Stalker x2  
  190  9:56  Stalker x3  
  190  9:57  Psionic Storm  
  194  10:18  Pylon x2  
  194  10:19  Nexus  
  194  10:20  Stargate  
  194  10:22  Assimilator  
  194  10:32  Protoss Air Weapons Level 1  
  194  10:33  Observer  
  192  10:42  Zealot x10  
  172  11:03  Pylon  
  172  11:06  Gateway, High Templar x4  
  172  11:07  Gateway  
  172  11:09  Zealot x6  
  196  11:17  Gravitic Drive  
  196  11:19  Observer  
  196  11:21  Pylon  
  196  11:23  Fleet Beacon  
  196  11:25  Stargate  
  196  11:29  Observer  
  192  11:37  Zealot x4  
  200  11:40  Pylon  
  200  11:48  Photon Cannon  
  200  11:49  Shield Battery  
  184  11:56  Archon x2  
  184  11:59  Zealot x10  
  184  12:00  Protoss Shields Level 1 (Chrono Boost)  
  196  12:04  Assimilator  
  196  12:08  Assimilator  
  192  12:10  Protoss Ground Armor Level 3 (Chrono Boost)  
  192  12:14  Gravitic Boosters  
  190  12:20  Stargate  
  190  12:25  Carrier  
  190  12:26  Warp Prism, Stargate  
  196  12:45  Pylon, Cybernetics Core  
  196  12:50  Carrier, Protoss Air Weapons Level 2 (Chrono Boost)  
  197  12:59  Carrier  
  179  13:11  Observer (Chrono Boost)  
  182  13:17  Zealot x4  
  182  13:18  Zealot x8  
  176  13:22  Carrier (Chrono Boost)  
  156  13:39  Protoss Air Armor Level 1 (Chrono Boost)  
  156  13:41  Carrier (Chrono Boost)  
  156  13:44  Disruptor (Chrono Boost)  
  165  13:53  Sentry  
  165  13:54  Carrier (Chrono Boost)  
  173  13:55  High Templar x2  
  173  13:58  Photon Cannon  
  173  14:01  Photon Cannon  
  177  14:04  Photon Cannon  
  177  14:05  Pylon, Photon Cannon  
  177  14:06  Photon Cannon  
  177  14:08  Photon Cannon  
  183  14:12  Photon Cannon, Disruptor  
  183  14:13  Photon Cannon  
  183  14:15  Shield Battery  
  186  14:20  Zealot x4  
  192  14:31  Zealot x3  
  192  14:32  Zealot x2  
  192  14:38  Zealot  
  144  14:48  Zealot x4  
  142  14:55  Zealot x2  
  142  14:56  Zealot x3  
  136  15:02  Zealot x3  
  136  15:05  Carrier, Observer  
  128  15:13  Probe x2  
  127  15:22  Protoss Air Weapons Level 3 (Chrono Boost)  
  127  15:23  Sentry  
  129  15:33  High Templar x7  
  129  15:35  High Templar  
  145  15:38  Archon x4  
  145  15:40  High Templar x3  
  151  15:43  Observer  
  152  15:54  Carrier  
  158  15:57  Observer  
  158  16:00  Photon Cannon  
  158  16:01  Shield Battery  
  158  16:04  Carrier  
  164  16:24  High Templar  
  166  16:27  High Templar  
  166  16:28  High Templar x6  
  166  16:29  High Templar  
  166  16:30  Zealot x3  
  166  16:32  Archon x3  
  187  16:37  Archon  
  178  16:54  Observer (Chrono Boost)  
  178  16:59  Archon  
  178  17:00  High Templar  
  180  17:01  Zealot x4  
  180  17:02  Zealot x6  
  200  17:14  Archon  
  178  17:24  Zealot x11  
  172  17:37  Warp Prism (Chrono Boost)  
  172  17:39  Protoss Shields Level 2 (Chrono Boost)  
  174  17:53  High Templar x3  
  174  17:54  High Templar  
  174  17:56  Nexus  
  182  18:07  Pylon  
  174  18:39  High Templar x3  
  178  18:44  Archon  
  178  18:45  Archon  
  178  18:51  Zealot x4  
  178  18:52  Zealot x5  
  164  19:24  Shield Battery, Photon Cannon  
  164  19:29  Photon Cannon  
  164  19:34  Stalker x8  
  164  19:35  Stalker x4  
Show
View Real Time Build Order
Export as new Build Order

Epic Terran 

Build Orders:  

Get SALT Encoding   

  12  0:00  SCV  
  13  0:12  SCV  
  14  0:17  Supply Depot  
  14  0:24  SCV  
  15  0:38  SCV  
  15  0:40  Barracks  
  16  0:44  Refinery  
  16  0:50  SCV  
  17  1:03  SCV  
  18  1:15  SCV  
  19  1:27  Barracks Reactor, Orbital Command  
  19  1:39  Command Center  
  19  1:48  Supply Depot  
  19  1:53  SCV  
  20  2:03  Marine x2  
  20  2:05  SCV  
  23  2:17  SCV  
  24  2:26  Command Center  
  24  2:29  SCV  
  25  2:32  Marine  
  25  2:34  Marine  
  27  2:41  SCV  
  28  2:44  Barracks  
  28  2:51  Orbital Command  
  28  2:55  SCV  
  28  2:58  Marine  
  29  3:00  Marine  
  31  3:06  Bunker  
  31  3:08  SCV  
  32  3:16  Marine  
  32  3:18  SCV, Marine  
  35  3:20  SCV  
  35  3:25  Engineering Bay  
  36  3:30  SCV  
  36  3:32  SCV  
  38  3:34  Barracks Tech Lab  
  38  3:39  Marine x2  
  39  3:41  Orbital Command  
  39  3:42  SCV  
  39  3:47  SCV  
  41  3:50  Refinery  
  41  3:52  Terran Infantry Weapons Level 1  
  41  3:53  Stimpack  
  41  3:59  SCV x2  
  43  4:04  Marauder, Marine x2  
  43  4:09  SCV  
  48  4:11  Barracks, SCV x2  
  49  4:20  Factory  
  49  4:22  SCV  
  49  4:23  SCV, Marine x2  
  49  4:24  SCV  
  54  4:28  Marauder  
  56  4:33  Refinery  
  56  4:34  Supply Depot  
  56  4:37  SCV x3  
  59  4:43  Marine x2  
  59  4:44  Refinery  
  61  4:48  Supply Depot  
  61  4:54  Supply Depot  
  61  4:56  Marauder, SCV x3  
  61  4:59  Barracks Tech Lab  
  66  5:07  Starport  
  66  5:08  SCV x3  
  66  5:09  Marine x2  
  66  5:10  Factory Reactor  
  71  5:15  Supply Depot  
  71  5:17  Combat Shield  
  71  5:19  Marauder x2  
  75  5:25  Barracks  
  75  5:27  Barracks  
  75  5:29  SCV x3  
  75  5:30  Marine  
  75  5:31  Marine  
  75  5:33  Concussive Shells  
  80  5:37  Supply Depot  
  80  5:41  SCV x3  
  85  5:42  Marauder  
  85  5:43  Marauder  
  85  5:48  Terran Infantry Armor Level 1  
  87  5:51  Medivac  
  87  5:52  Marine x2  
  87  5:54  Factory Reactor  
  87  5:55  Medivac  
  93  5:59  SCV x3  
  93  6:01  Supply Depot  
  96  6:05  Orbital Command  
  96  6:08  Marauder  
  96  6:09  Marauder  
  100  6:12  Supply Depot  
  100  6:13  SCV  
  100  6:14  Barracks Tech Lab  
  100  6:15  Barracks Reactor  
  101  6:23  SCV, Marine x2  
  104  6:26  SCV  
  104  6:28  Supply Depot  
  104  6:31  SCV  
  104  6:32  Medivac  
  108  6:33  Medivac  
  108  6:34  Widow Mine x2  
  108  6:38  Supply Depot, SCV x2  
  116  6:43  SCV  
  117  6:50  Marauder x3, Marine x2  
  125  6:57  SCV x3  
  125  6:58  Widow Mine  
  125  6:59  Widow Mine  
  125  7:00  Marine x2  
  126  7:03  Refinery  
  126  7:04  Supply Depot x2, Refinery  
  126  7:06  Armory  
  126  7:07  Marine  
  127  7:09  Engineering Bay, Medivac  
  127  7:12  Medivac  
  131  7:17  Supply Depot, SCV x2  
  131  7:18  Supply Depot  
  133  7:25  Marauder x3, SCV  
  140  7:30  Marine x4  
  140  7:31  Supply Depot  
  142  7:38  Starport  
  142  7:40  Viking  
  142  7:42  Viking  
  144  7:45  Supply Depot  
  144  7:46  Supply Depot  
  144  7:48  Marauder x3  
  148  7:59  Marine x4  
  148  8:05  Widow Mine  
  152  8:06  Command Center  
  152  8:09  Terran Infantry Armor Level 2, Terran Infantry Weapons Level 2  
  152  8:15  Marauder  
  152  8:16  Marauder x2, Viking  
  160  8:22  Viking x2  
  164  8:28  Viking  
  164  8:31  Missile Turret, Supply Depot  
  164  8:33  Missile Turret  
  166  8:40  Ghost Academy  
  166  8:41  Marauder x3  
  172  8:44  Marine  
  172  8:45  Marine x3  
  176  8:51  Viking  
  176  8:52  Viking  
  180  8:57  Bunker  
  180  9:01  Supply Depot  
  180  9:08  Marine x3  
  180  9:09  Barracks, Marine  
  184  9:11  Barracks x2, Enhanced Shockwaves  
  184  9:13  Ghost  
  184  9:16  Ghost  
  188  9:20  Ghost  
  190  9:32  Supply Depot  
  190  9:35  Viking x4  
  180  9:50  Marauder x2, Marine x4  
  180  9:51  Marauder  
  182  9:53  Planetary Fortress  
  182  10:00  Barracks Reactor, Barracks Tech Lab x2  
  182  10:03  Missile Turret  
  182  10:05  SCV x3  
  182  10:06  Medivac  
  180  10:13  Medivac x2  
  184  10:20  Marauder x3  
  190  10:26  Marine x3  
  190  10:27  Marine  
  189  10:32  Medivac  
  185  10:36  Medivac  
  163  10:48  Terran Infantry Weapons Level 3  
  160  10:51  Marauder x3, Marine  
  160  10:52  Marauder, Marine x6  
  160  10:55  Refinery  
  160  10:56  Refinery  
  175  10:57  Command Center  
  175  10:59  Widow Mine  
  175  11:00  Medivac  
  175  11:03  SCV x4  
  183  11:10  Marauder  
  185  11:14  Command Center x2, Marine x6  
  191  11:22  Ghost x2  
  195  11:26  Missile Turret  
  195  11:27  Ghost  
  197  11:38  Ghost  
  199  11:41  Terran Infantry Armor Level 3  
  199  11:52  Missile Turret  
  199  11:54  Missile Turret  
  182  11:55  Missile Turret  
  182  12:00  Ghost x3  
  162  12:01  Marine x6  
  162  12:08  Widow Mine  
  154  12:13  Medivac x3  
  154  12:15  Orbital Command  
  143  12:21  Marauder x2, Marine x3  
  150  12:23  Marine  
  150  12:25  Marine x2  
  150  12:29  Marauder  
  155  12:30  Orbital Command  
  155  12:31  Orbital Command  
  155  12:35  Widow Mine  
  157  12:38  Marauder x2  
  161  12:48  Marauder x2, Marine x6  
  171  12:56  Viking x2  
  173  13:09  Marauder x3, Marine x3  
  173  13:10  Orbital Command, Marauder x2, Marine  
  167  13:27  Marine x2  
  154  13:31  Marauder x3  
  162  13:36  Ghost  
  162  13:37  Ghost, Marine x2  
  162  13:38  Marine  
  167  13:43  Command Center  
  167  13:48  Marine x3  
  170  13:52  Marauder, Marine x2  
  170  13:55  Marine  
  175  13:58  Fusion Core  
  175  14:04  Ghost, Viking  
  175  14:05  Ghost, Viking x2  
  175  14:09  Viking  
  187  14:22  Marine x8  
  187  14:23  Marauder  
  194  14:34  Marauder  
  194  14:35  Marauder  
  181  14:39  Marine  
  181  14:40  Marauder x2  
  181  14:44  Marauder  
  168  14:55  Marauder  
  168  14:56  Marauder, Marine x2  
  169  15:02  Marauder x2  
  169  15:03  Viking x4  
  169  15:06  Marauder  
  158  15:10  Marine x2  
  158  15:13  Planetary Fortress  
  155  15:16  Marauder  
  155  15:18  Marauder  
  155  15:21  Marine x4  
  162  15:23  Marauder  
  165  15:35  Medivac x2, Viking x2  
  163  15:37  Ghost x3  
  163  15:38  Marine x2  
  163  15:39  Marine  
  163  15:40  Marine x4  
  180  15:47  Ghost  
  182  15:55  Command Center  
  182  15:57  Ghost  
  182  16:02  Marine x6  
  190  16:05  Medivac x2  
  190  16:06  Marauder x3  
  200  16:22  Factory Reactor  
  200  16:26  Starport  
  200  16:30  Starport  
  200  16:31  Starport  
  200  16:35  Command Center  
  198  16:45  Viking x2  
  200  17:22  Marauder x3  
  184  17:24  Marine  
  184  17:25  Marauder x2  
  184  17:26  Viking x3  
  184  17:27  Viking  
  142  17:31  Marine x2  
  142  17:32  Marine x3  
  142  17:36  Unknown  
  140  17:42  Marine  
  140  17:43  Marauder  
  140  17:44  Marauder  
  145  17:47  Ghost  
  145  17:48  Missile Turret  
  145  17:50  Missile Turret, Orbital Command  
  147  17:52  Starport Reactor  
  147  17:53  Starport Reactor, Ghost x2  
  147  17:54  Marine  
  147  17:55  Marine x4  
  147  17:56  Viking x2  
  159  18:00  Marine  
  159  18:04  Ghost x2, Viking x4  
  169  18:12  Marine  
  165  18:13  Marine x4  
  165  18:15  Marine  
  165  18:19  Missile Turret  
  169  18:22  Ghost x2, Marine  
  169  18:26  Viking x2  
  178  18:30  Marine  
  178  18:32  Ghost  
  143  18:38  Ghost  
  143  18:39  Ghost, Marine x2  
  143  19:06  Ghost x3  
  133  19:23  Viking  
  135  19:35  Orbital Command  
Tags
 
Add a new tag
Caveats
  • Supply blocks, unpowered buildings, or Contaminate may cause inaccurate times.
  • Supply counts are checked every 10 seconds.